[Event "Early-Titled-Tuesday-Blitz-January-23-2024"]
[Site "Chess.com"]
[Date "2024.01.23"]
[Round "1"]
[White "Road2GM3000"]
[Black "GMKrikor"]
[Result "0-1"]
[WhiteElo "2445"]
[BlackElo "2797"]
[TimeControl "180+1"]
[EndTime "8:07:10 PST"]
[Termination "GMKrikor won on time"]

1. d4 Nf6 2. c4 g6 3. Nc3 d5 4. Bg5 Bg7 5. e3 dxc4 6. Bxc4 c5 7. Nf3 cxd4 8. Qxd4 O-O 9. Qxd8 Rxd8 10. O-O Nc6 11. Rfd1 Bf5 12. h3 Ne4 13. Rxd8+ Rxd8 14. Rc1 Bxc3 15.
bxc3 Nxg5 16. Nxg5 Ne5 17. Bb3 h6 18. Nf3 Nxf3+ 19.
gxf3 Bxh3 20. Kh2 Bc8 21. Kg3 Kg7 22. c4 Rd7 23. Kf4 Kf6 24. e4 e5+ 25. Ke3 Rc7 26. c5 h5 27. Bd5 h4 28. f4 exf4+ 29. Kxf4 g5+ 30. Kf3 Ke5 31. Ke3 f5 32. c6 f4+ 33.
Kd3 bxc6 34. Bxc6 Kd6 35. Rg1 Kxc6 36. Rxg5 Rh7 0-1

[Event "Early-Titled-Tuesday-Blitz-January-23-2024"]
[Site "Chess.com"]
[Date "2024.01.23"]
[Round "1"]
[White "The_Straightforward_Rook"]
[Black "cthake"]
[Result "1-0"]
[WhiteElo "2542"]
[BlackElo "1833"]
[TimeControl "180+1"]
[EndTime "8:07:12 PST"]
[Termination "The_Straightforward_Rook won on time"]

1. e4 c5 2. c3 e6 3. d4 d5 4. e5 Nc6 5. Nf3 Bd7 6. Be2 Qb6 7.
O-O Rc8 8. Na3 a6 9. Nc2 Be7 10. a3 f5 11. exf6 Nxf6 12. dxc5 Bxc5 13. b4 Be7 14.
Be3 Qd8 15. c4 O-O 16. c5 Ne4 17. Qd3 Bf6 18. Rac1 Ne5 19. Nxe5 Bxe5 20. Nd4 Qh4 21. g3 Nxg3 22. fxg3 Bxg3 23. Rxf8+ Rxf8 24. Nf3 Rxf3 25. Bxf3 Qxh2+ 26. Kf1 Bb5 27. Qxb5 axb5 28. c6 bxc6 29. Rxc6 Qh3+ 30. Ke2 Qh2+ 31. Kf1 Bc7 32. Rxe6 Qg3 33. Bxd5 Kf8 34. Bc5+ Kf7 35. Re3+ Kg6 36. Rxg3+ Bxg3 37. Bc6 Be5 38. Bxb5 Bb2 39. a4 Bc3 40. a5 Be5 41. a6 Bb8 42. a7 1-0

[Event "Early-Titled-Tuesday-Blitz-January-23-2024"]
[Site "Chess.com"]
[Date "2024.01.23"]
[Round "1"]
[White "falzehope0"]
[Black "DarkAlekhine"]
[Result "1-0"]
[WhiteElo "2430"]
[BlackElo "2710"]
[TimeControl "180+1"]
[EndTime "8:07:13 PST"]
[Termination "falzehope0 won by resignation"]

1. d4 Nf6 2. e3 e6 3. Bd3 b6 4. f4 Bb7 5. Nf3 Be7 6. O-O O-O 7. Nbd2 d5 8. Ne5 Ne4 9. Qg4 Nd7 10. Qh3 g6 11.
Ndf3 c5 12. c3 Qc8 13. Bc2 Nxe5 14. Nxe5 f6 15. Ng4 b5 16. Nf2 Nxf2 17. Rxf2 b4 18. Bd2 a5 19. Re1 f5 20. g4 Bf6 21. Rg2 Bg7 22. gxf5 exf5 23. Ba4 Bc6 24. Bd1 Bb5 25. Bf3 Qe6 26. Qg3 Rac8 27. h4 Bd3 28. dxc5 bxc3 29. Bxc3 Bxc3 30. bxc3 Rxc5 31. h5 Kg7 32. Rd2 Be4 33.
Bxe4 fxe4 34. Rg2 Rxc3 35. Rb1 Rc7 36. f5 Qc6 37. fxg6 Rf3 38. Qe5+ Rf6 39. Rf1 Qe6 1-0

[Event "Early-Titled-Tuesday-Blitz-January-23-2024"]
[Site "Chess.com"]
[Date "2024.01.23"]
[Round "1"]
[White "JiaHaoxiang"]
[Black "cukus"]
[Result "1-0"]
[WhiteElo "2628"]
[BlackElo "2301"]
[TimeControl "180+1"]
[EndTime "8:07:13 PST"]
[Termination "JiaHaoxiang won on time"]

1. d4 d5 2. Bf4 c5 3. e3 Nc6 4.
Nf3 Nf6 5. c3 Qb6 6. Qb3 c4 7.
Qc2 Bf5 8. Qc1 e6 9. h3 h6 10. g4 Bh7 11. Nbd2 Be7 12. Be2 O-O 13. O-O Rfc8 14. Ne5 Qd8 15. Qe1 b5 16. f3 b4 17. Qg3 a5 18. h4 a4 19. a3 bxc3 20. bxc3 Na5 21. g5 hxg5 22. hxg5 Nh5 23. Qh4 Nxf4 24.
exf4 Bf5 25. Kf2 f6 26. g6 Bxg6 27. Nxg6 Nb3 28. Ra2 Nxd2 29. Rxd2 Bxa3 30. Rg1 Bf8 31. Qh8+ Kf7 32. Qh5 Kg8 33. f5 Rc6 34. fxe6 Rxe6 35.
Qh8+ Kf7 36. Nf4 Rd6 37. Qh5+ Kg8 38. Bd1 a3 39. Bc2 f5 40. Bxf5 Rf6 41. Bh7+ 1-0

[Event "Early-Titled-Tuesday-Blitz-January-23-2024"]
[Site "Chess.com"]
[Date "2024.01.23"]
[Round "1"]
[White "Russian_berezka"]
[Black "LeoWin2012"]
[Result "1-0"]
[WhiteElo "2586"]
[BlackElo "2200"]
[TimeControl "180+1"]
[EndTime "8:07:13 PST"]
[Termination "Russian_berezka won on time"]

1. d4 Nf6 2. Bf4 d6 3. e3 Bf5 4. c4 h6 5. Nc3 a6 6. h3 Nbd7 7. Nf3 e6 8. Nd2 d5 9. Rc1 Bd6 10. Bxd6 cxd6 11. Qb3 dxc4 12. Nxc4 O-O 13. Nxd6 b5 14.
Be2 Bg6 15. Bf3 Rb8 16. O-O Nb6 17. Nde4 Nc4 18. Rfd1 Nxe4 19. Bxe4 Qg5 20. Qc2 f5 21. Bf3 f4 22. e4 e5 23. Qe2 Rbd8 24. d5 Nd6 25. a4 b4 26. Na2 a5 27. Rc5 Ra8 28. Nc1 Rfd8 29. Nb3 Qe7 30. Rdc1 Ra7 31. Nxa5 Rda8 32.
Nc6 Qb7 33. Nxa7 Qxa7 34. b3 Qb6 35. Rc6 Qd8 36. Rxd6 Qxd6 37. Rc6 1-0

[Event "Early-Titled-Tuesday-Blitz-January-23-2024"]
[Site "Chess.com"]
[Date "2024.01.23"]
[Round "1"]
[White "Martial2008"]
[Black "NewYearGirl"]
[Result "1-0"]
[WhiteElo "2682"]
[BlackElo "2366"]
[TimeControl "180+1"]
[EndTime "8:07:14 PST"]
[Termination "Martial2008 won by resignation"]

1. d4 Nf6 2. Nf3 c5 3. d5 d6 4. Nc3 g6 5. e4 Bg7 6. Be2 O-O 7. O-O a6 8. a4 b6 9. h3 Bb7 10. Nd2 Nbd7 11. Nc4 Ne8 12. Be3 Nc7 13. Na3 Bc8 14. Qd2 Rb8 15. f4 Nf6 16. Rad1 b5 17. axb5 axb5 18.
e5 b4 19. exf6 Bxf6 20. Ne4 bxa3 21. Nxf6+ exf6 22. bxa3 Re8 23. Bf3 Bf5 24. c4 Rb3 25.
Rfe1 Rd3 26. Qc1 Qa8 27. Rxd3 Bxd3 28. Qc3 Bf5 29. Bd2 Rxe1+ 30. Bxe1 Qa4 31. Qxf6 Ne8 32. Qe7 h5 33. Bc3 Bd7 34. Kh2 Bf5 35. Bd1 Qd7 36.
Qxd7 Bxd7 37. a4 Nc7 38. a5 Na6 39. Bf6 Kf8 40. g4 hxg4 41. hxg4 Nb4 42. Kg3 Bc8 43.
Ba4 Ba6 44. Bb5 Bc8 45. Kh4 Bb7 46. Kg5 Bc8 47. Bd8 Bb7 48. Kf6 Bc8 49. g5 Na2 50.
Be7+ Kg8 51. Bxd6 1-0

[Event "Early-Titled-Tuesday-Blitz-January-23-2024"]
[Site "Chess.com"]
[Date "2024.01.23"]
[Round "1"]
[White "Njal28"]
[Black "AwareIdea"]
[Result "1/2-1/2"]
[WhiteElo "3041"]
[BlackElo "2534"]
[TimeControl "180+1"]
[EndTime "8:07:15 PST"]
[Termination "Game drawn by repetition"]

1. d4 Nf6 2. c4 e6 3. Nc3 d5 4. Bg5 Bb4 5. e3 h6 6. Bh4 O-O 7. Nf3 c5 8. cxd5 Qxd5 9. Bxf6 gxf6 10. Bd3 cxd4 11. exd4 b6 12. O-O Bxc3 13. bxc3 Bb7 14. Re1 Qh5 15. Be4 Nc6 16. Qd2 f5 17. Bxc6 Bxc6 18.
Ne5 Rac8 19. c4 Qg5 20. f4 Qf6 21. Qe3 Rfd8 22. Rad1 Be4 23. Rd2 Kh7 24. Red1 Rg8 25. d5 exd5 26. cxd5 Rcd8 27. d6 Qe6 28. d7 f6 29. Nf3 Rg7 30. Nd4 Qd5 31. Nf3 Qb7 32. Kf2 Rgxd7 33. Rxd7+ Rxd7 34. Rxd7+ Qxd7 35. Nd4 Qd5 36. Nb3 Bxg2 37. Qe7+ Kg6 38. Qe8+ Kg7 39. Qe7+ Kg6 40.
Qe8+ Kg7 41. Qe7+ Kg6 1/2-1/2

[Event "Early-Titled-Tuesday-Blitz-January-23-2024"]
[Site "Chess.com"]
[Date "2024.01.23"]
[Round "1"]
[White "ural58"]
[Black "Flawless_Fighter"]
[Result "0-1"]
[WhiteElo "2414"]
[BlackElo "2717"]
[TimeControl "180+1"]
[EndTime "8:07:15 PST"]
[Termination "Flawless_Fighter won by resignation"]

1. e4 c5 2. b3 Nc6 3. Bb2 Nf6 4. e5 Nd5 5. Nf3 g6 6. Ng5 Bg7 7. Qf3 f6 8. Qxd5 fxg5 9. Bc4 e6 10. Qxc5 b6 11.
Qe3 O-O 12. O-O Bb7 13. Na3 d5 14. Bb5 a6 15. Bxc6 Bxc6 16. d4 Rf5 17. c3 Qe7 18.
Nc2 Raf8 19. Ba3 Qe8 20. Bxf8 Qxf8 21. a4 g4 22. b4 Be8 23. Qe2 h5 24. Qxa6 h4 25.
Qd3 h3 26. g3 Rf3 27. Qd2 Qf5 28. Rfe1 Rd3 29. Qe2 Rxc3 30. Ra2 Bh6 31. a5 bxa5 32. bxa5 Rb3 33. a6 Bb5 34. a7 Bxe2 35. a8=Q+ Kh7 36.
Ra7+ Bg7 37. Rxg7+ Kxg7 38. Qa7+ Kh6 39. Qa1 Qf3 40.
Qc1+ Kh7 41. Ne3 Rxe3 0-1

[Event "Early-Titled-Tuesday-Blitz-January-23-2024"]
[Site "Chess.com"]
[Date "2024.01.23"]
[Round "1"]
[White "GaiozNigalidze"]
[Black "Bkmzzzzz"]
[Result "1-0"]
[WhiteElo "2705"]
[BlackElo "2398"]
[TimeControl "180+1"]
[EndTime "8:07:15 PST"]
[Termination "GaiozNigalidze won by checkmate"]

1. d4 d5 2. c4 dxc4 3. Nf3 a6 4. e3 Nf6 5. Bxc4 e6 6. O-O c5 7. dxc5 Bxc5 8. Qxd8+ Kxd8 9. b3 Ke7 10. Bb2 b5 11. Be2 Bb7 12. a4 bxa4 13. Rxa4 Nbd7 14. Nbd2 Nb6 15.
Ra2 Rhd8 16. Rfa1 Bb4 17. Bxa6 Bxa6 18. Rxa6 Rxa6 19. Rxa6 Bxd2 20. Rxb6 Bc1 21. Bd4 Nd5 22. Rb7+ Kf8 23. b4 f6 24. b5 Ba3 25. g4 e5 26.
Ba7 Rc8 27. Nd2 Rc2 28. Ne4 Rb2 29. Kg2 h6 30. Kf3 Nb4 31. Bc5+ Kg8 32. Rb8+ Kh7 33. Rb7 Kg6 34. h4 f5 35. h5+ Kh7 36. Nf6+ Kh8 37.
Rb8# 1-0

[Event "Early-Titled-Tuesday-Blitz-January-23-2024"]
[Site "Chess.com"]
[Date "2024.01.23"]
[Round "1"]
[White "GatoRojo150"]
[Black "Me_ch_an"]
[Result "1/2-1/2"]
[WhiteElo "2604"]
[BlackElo "2285"]
[TimeControl "180+1"]
[EndTime "8:07:16 PST"]
[Termination "Game drawn by repetition"]

1. e4 c5 2. Nf3 Nc6 3. Nc3 a6 4. d4 cxd4 5. Nxd4 e6 6. Nb3 Nf6 7. Bd3 Qc7 8. f4 d6 9. Qf3 b5 10.
Bd2 Bb7 11. O-O Be7 12. Rae1 O-O 13. Qh3 Nb4 14. Nxb5 axb5 15. Bxb4 e5 16. a3 Rfe8 17. f5 d5 18. Bxe7 Rxe7 19. exd5 Bxd5 20. Kh1 e4 21.
Bxb5 Qxc2 22. Nc1 Qxb2 23. a4 Rc8 24. Ne2 Rc2 25. Rb1 Qe5 26. Qe3 Qxh2+ 27. Kxh2 Ng4+ 28.
Kg3 Nxe3 29. Rfc1 Rxc1 30. Rxc1 h6 31. Kf4 Nxg2+ 32. Kg3 Ne3 33. Rc8+ Kh7 34. Kf4 Ng2+ 35. Kg3 Ne3 36. Kf4 Ng2+ 37. Kg3 Ne3 1/2-1/2

[Event "Early-Titled-Tuesday-Blitz-January-23-2024"]
[Site "Chess.com"]
[Date "2024.01.23"]
[Round "1"]
[White "DvaHrasta"]
[Black "BestStelker"]
[Result "1-0"]
[WhiteElo "2415"]
[BlackElo "2690"]
[TimeControl "180+1"]
[EndTime "8:07:17 PST"]
[Termination "DvaHrasta won by resignation"]

1. c4 Nf6 2. g3 g6 3. Bg2 Bg7 4. Nc3 O-O 5. Nf3 d6 6. O-O e5 7. d3 Nc6 8. Rb1 Re8 9. e4 a5 10. a3 Bg4 11. h3 Bxf3 12. Bxf3 Nd4 13. Bg2 Nd7 14. b4 axb4 15. axb4 c6 16. Ne2 Nxe2+ 17. Qxe2 Nf8 18. Be3 Ne6 19. Ra1 h5 20. h4 c5 21.
b5 Qb6 22. Bh3 Nd4 23. Bxd4 exd4 24. Qb2 Be5 25. Rxa8 Rxa8 26. Ra1 Ra5 27. Rxa5 Qxa5 28.
b6 Bf6 29. Qb5 Qxb5 30. cxb5 Bd8 31. Bc8 Bxb6 32. Bxb7 c4 33. dxc4 d3 34. Kf1 d2 35.
Ke2 Bxf2 36. e5 dxe5 37. Kxd2 Bxg3 38. Kd3 f5 39. c5 e4+ 40. Kc4 Kf7 41. b6 Ke7 42. Bd5 Bf2 43. Kb5 Kd7 44. c6+ Kc8 45. Be6+ Kd8 46. c7+ 1-0

[Event "Early-Titled-Tuesday-Blitz-January-23-2024"]
[Site "Chess.com"]
[Date "2024.01.23"]
[Round "1"]
[White "winniethepooh04"]
[Black "RandomNoob04"]
[Result "1-0"]
[WhiteElo "2408"]
[BlackElo "2583"]
[TimeControl "180+1"]
[EndTime "8:07:17 PST"]
[Termination "winniethepooh04 won by resignation"]

1. d4 e6 2. Nf3 Nf6 3. Bf4 d5 4. e3 c5 5. c3 Bd6 6. Bg3 Ne4 7. Nbd2 f5 8. Be2 O-O 9. Bxd6 Qxd6 10. Ne5 b6 11. O-O Ba6 12. f3 Nxd2 13. Qxd2 Bxe2 14. Qxe2 Nd7 15. f4 Rac8 16. Rac1 Nf6 17. Rfd1 Ne4 18. Qa6 Rc7 19. a4 Rfc8 20. a5 g5 21.
axb6 axb6 22. Qe2 gxf4 23. exf4 cxd4 24. Rxd4 Rg7 25. Rcd1 Qe7 26. c4 Qh4 27. Qf3 Nf6 28. cxd5 Nxd5 29. Rxd5 exd5 30. Qxd5+ Kf8 31. Nd7+ Ke8 32.
Qe6+ Kd8 33. Nxb6+ Kc7 34. Nd5+ Kb8 35. Qe5+ Rgc7 36.
Nxc7 Rxc7 37. Rd7 Ka8 38. Rxc7 1-0

[Event "Early-Titled-Tuesday-Blitz-January-23-2024"]
[Site "Chess.com"]
[Date "2024.01.23"]
[Round "1"]
[White "MITerryble"]
[Black "otrov-11"]
[Result "1-0"]
[WhiteElo "3001"]
[BlackElo "2519"]
[TimeControl "180+1"]
[EndTime "8:07:19 PST"]
[Termination "MITerryble won on time"]

1. e4 e6 2. d4 d5 3. exd5 exd5 4. Nf3 Bd6 5. c4 Nf6 6. Nc3 O-O 7. c5 Re8+ 8. Be2 Bf8 9. Bg5 c6 10. O-O Bf5 11. Qb3 b6 12. cxb6 axb6 13. Rfe1 Nbd7 14. a4 Be7 15. Rac1 h6 16. Bf4 Be6 17. Bf1 c5 18. Nb5 Rc8 19. Na7 Ra8 20. Nc6 Qc8 21. Nxe7+ Rxe7 22. Bb5 c4 23. Qb4 Re8 24. b3 Qb7 25. h3 Rac8 26. Ne5 Nxe5 27. Bxe5 Nd7 28. Bf4 Red8 29. Rc3 Nf6 30. Rce3 cxb3 31. Rxb3 Ne4 32. f3 Nf6 33. Bf1 Rc6 34. a5 Nd7 35. a6 Qa7 36. Bb5 Rcc8 37. Rc3 Nf6 38. Rec1 Rxc3 39. Rxc3 Bd7 40. Rc7 Qa8 41. Bd3 b5 42.
Qa5 Be8 43. a7 Bd7 44. Qb6 Ne8 45. Rb7 Rc8 46. Rb8 1-0

[Event "Early-Titled-Tuesday-Blitz-January-23-2024"]
[Site "Chess.com"]
[Date "2024.01.23"]
[Round "1"]
[White "Byniolus"]
[Black "atalz0"]
[Result "1-0"]
[WhiteElo "2846"]
[BlackElo "2459"]
[TimeControl "180+1"]
[EndTime "8:07:19 PST"]
[Termination "Byniolus won on time"]

1. d4 Nf6 2. Nf3 e6 3. Bf4 d5 4. e3 Bd6 5. Bg3 O-O 6. Nbd2 c5 7. c3 b6 8. Ne5 Bb7 9. f4 Nc6 10. Bd3 Ne7 11. Qb1 Qc8 12. Bh4 Ba6 13. Bxa6 Qxa6 14.
Bxf6 gxf6 15. Nd7 Nf5 16. Nxf8 Rxf8 17. Kf2 Kh8 18. Nf3 Rg8 19. g3 Bc7 20. Qf1 Qa4 21.
Qd1 Qb5 22. Qe2 Qa4 23. Rhd1 Nd6 24. Kg2 Ne4 25. Qd3 c4 26. Qe2 Qe8 27. Nd2 Nd6 28. Kg1 f5 29. Kh1 Qf8 30. Rg1 Qh6 31. g4 Bd8 32. g5 Qg7 33. b3 b5 34. a4 cxb3 35. axb5 b2 36. Rab1 Ba5 37. Qd3 Ne4 38. Nxe4 fxe4 39. Qe2 Bxc3 40. Qc2 Rc8 41. Rxb2 Qf8 42. Rc1 1-0

[Event "Early-Titled-Tuesday-Blitz-January-23-2024"]
[Site "Chess.com"]
[Date "2024.01.23"]
[Round "1"]
[White "FairChess_on_YouTube"]
[Black "FM_VS99"]
[Result "1-0"]
[WhiteElo "3110"]
[BlackElo "2535"]
[TimeControl "180+1"]
[EndTime "8:07:20 PST"]
[Termination "FairChess_on_YouTube won by resignation"]

1. d4 Nf6 2. c4 c5 3. Nf3 cxd4 4. Nxd4 g6 5. Nc3 Bg7 6. e4 d6 7. Be2 O-O 8. O-O Nc6 9. Be3 Bd7 10. Qd2 Nxd4 11.
Bxd4 Bc6 12. f3 a5 13. b3 Nd7 14. Be3 Nc5 15. Rac1 e6 16. Rfd1 Be5 17. Bf4 Qe7 18.
Bxe5 dxe5 19. Qd6 Qxd6 20. Rxd6 Rfd8 21. Rcd1 Rxd6 22. Rxd6 Kf8 23. Kf2 Ke7 24. Rd1 f5 25. Ke3 fxe4 26. fxe4 Ra6 27. Bd3 Rb6 28. Bc2 a4 29.
Rb1 axb3 30. axb3 Ra6 31. b4 Ra3 32. Kd2 Na4 33. Bxa4 Bxa4 34. c5 Rb3 35. Rxb3 Bxb3 36. b5 Bc4 37. Kc2 Kd7 38. Kb2 b6 39. cxb6 Kc8 40.
Ka3 Kb7 41. Kb4 Bf1 42. g3 Kxb6 43. Na4+ Kc7 44. Kc5 h5 45. h4 Bd3 46. b6+ Kb7 47. Kd6 Bxe4 48. Nc5+ Kxb6 49. Nxe4 1-0

[Event "Early-Titled-Tuesday-Blitz-January-23-2024"]
[Site "Chess.com"]
[Date "2024.01.23"]
[Round "1"]
[White "Jojo_898"]
[Black "maciek_92"]
[Result "0-1"]
[WhiteElo "2451"]
[BlackElo "2824"]
[TimeControl "180+1"]
[EndTime "8:07:20 PST"]
[Termination "maciek_92 won by resignation"]

1. e4 c5 2. Nf3 Nc6 3. c3 Nf6 4. Bd3 e5 5. O-O Be7 6. Bc2 d6 7. h3 O-O 8. d4 Qc7 9. Be3 Re8 10. Nbd2 Bf8 11. Rc1 h6 12. Bd3 b6 13. a3 Ne7 14. b4 Ng6 15. Nc4 exd4 16. cxd4 Nxe4 17. Qc2 Bb7 18. bxc5 dxc5 19. Rfe1 f5 20. dxc5 bxc5 21. Nfd2 Nh4 22. Nf1 f4 23. Bd2 Ng5 24. f3 Qd7 25.
Ne5 Rxe5 26. Rxe5 Ngxf3+ 27. Kh1 Nxe5 28. Bc4+ Kh8 29. Kh2 Bxg2 30. Bxf4 Nef3+ 31. Kg3 Qxh3+ 32. Kf2 Bxf1 33. Rxf1 Qg2+ 34. Ke3 Qxc2 0-1

[Event "Early-Titled-Tuesday-Blitz-January-23-2024"]
[Site "Chess.com"]
[Date "2024.01.23"]
[Round "1"]
[White "SantoBlue"]
[Black "ProChessWICTH"]
[Result "1-0"]
[WhiteElo "2936"]
[BlackElo "2505"]
[TimeControl "180+1"]
[EndTime "8:07:21 PST"]
[Termination "SantoBlue won by resignation"]

1. e4 c6 2. Nf3 d5 3. d3 dxe4 4. dxe4 Qc7 5. a4 g6 6. Bc4 Bg7 7.
Ng5 Nh6 8. h3 Nd7 9. O-O O-O 10.
f4 b5 11. Ba2 Bb7 12. Nc3 b4 13. Ne2 Rad8 14. Qe1 c5 15. Qh4 c4 16. Be3 Nf6 17. Ng3 e6 18. Kh1 Rd7 19. Rae1 Rfd8 20. c3 bxc3 21. bxc3 Qa5 22. Bd4 Rxd4 23. cxd4 Rxd4 24.
Rd1 Qd8 25. Rc1 Nxe4 26. N3xe4 Bxe4 27. Rxc4 Rxc4 28. Bxc4 Qd4 29. Nxe4 Qxe4 30. Qd8+ Bf8 31. Qd3 Qc6 32. Bb5 Qc5 33. Qc4 Nf5 34. Rf3 Qb6 35. Rd3 Qb8 36. g4 Nd6 37. Qd4 Nxb5 38. axb5 Qxb5 39. Kg2 Qb2+ 40. Qxb2 1-0

[Event "Early-Titled-Tuesday-Blitz-January-23-2024"]
[Site "Chess.com"]
[Date "2024.01.23"]
[Round "1"]
[White "Capablanca_Oujda_2021"]
[Black "Zurability"]
[Result "0-1"]
[WhiteElo "2429"]
[BlackElo "2762"]
[TimeControl "180+1"]
[EndTime "8:07:21 PST"]
[Termination "Zurability won by resignation"]

1. e4 e5 2. Nf3 Nc6 3. Bc4 Nf6 4.
Ng5 d5 5. exd5 Na5 6. Bb5+ c6 7. dxc6 bxc6 8. Qf3 Be7 9. Ba4 O-O 10. Nc3 Nd5 11. Nge4 f5 12. Ng3 e4 13. Qe2 Nf4 14. Qf1 Qd6 15.
d3 exd3 16. Bxf4 Qxf4 17. Qxd3 Qh4 18. O-O-O Rb8 19. Bb3+ Nxb3+ 20. axb3 Kh8 21. Rhe1 Bf6 22. Qd6 Ba6 23. Nxf5 Qxf2 24. Ng3 Qxg2 25. Nge4 Bh4 26. Rg1 Qf3 27. Qxc6 Bb7 28. Qc4 Rbc8 29. Nc5 Bf2 30. b4 Bxg1 31. Rxg1 Qe3+ 32. Kb1 Qxg1+ 33. Ka2 Rxc5 34.
bxc5 Qg2 35. Nb5 Qd5 36. Qxd5 Bxd5+ 37. b3 Rc8 38. c4 Be6 39. Nd4 Bf7 40. c6 Be8 41. b4 Bxc6 42. b5 Be4 43. Kb3 g5 44. Kb4 g4 45. c5 h5 46. Ne6 h4 47. Ng5 Bg6 48. Ne6 g3 49. hxg3 hxg3 50. Nf4 Be4 51. c6 g2 52. Nxg2 Bxg2 53. Kc5 Kg7 54. Kd6 Kf7 55.
Kd7 Bh3+ 56. Kd6 Ke8 0-1

[Event "Early-Titled-Tuesday-Blitz-January-23-2024"]
[Site "Chess.com"]
[Date "2024.01.23"]
[Round "1"]
[White "Iunusovnuriddin"]
[Black "Reality-Stone"]
[Result "0-1"]
[WhiteElo "2267"]
[BlackElo "2610"]
[TimeControl "180+1"]
[EndTime "8:07:21 PST"]
[Termination "Reality-Stone won by resignation"]

1. e4 c6 2. Nc3 d5 3. Nf3 dxe4 4. Nxe4 Nf6 5. Nxf6+ exf6 6. Bc4 Bd6 7. Qe2+ Qe7 8.
Qxe7+ Kxe7 9. O-O Rd8 10. d3 Kf8 11. Re1 Nd7 12. Bd2 b5 13. Bb3 Nc5 14. Bb4 a5 15.
Bxc5 Bxc5 16. a4 Bb7 17. Rad1 Bd6 18. Nd4 Bxh2+ 19. Kxh2 Rxd4 20. Re4 Rad8 21. Rxd4 Rxd4 22. c3 Rh4+ 23. Kg3 g5 24. d4 h5 25. f3 Rf4 26.
Re1 h4+ 27. Kf2 c5 28. dxc5 bxa4 29. Bc2 Rc4 30. Be4 Bxe4 31. fxe4 a3 32. bxa3 Rxc3 33.
e5 Rxc5 34. exf6 Rf5+ 35. Kg1 Rxf6 36. Re5 g4 37. Rxa5 g3 38. Rh5 Rf4 39. Rh7 Kg8 40.
Rh5 Kg7 41. Rb5 Kg6 42. Rb4 Rxb4 43. axb4 Kf5 44. b5 Ke5 45. b6 Kd6 46. Kf1 f5 47. Ke2 Kc6 48. Kf3 Kxb6 49. Kf4 Kc5 0-1

[Event "Early-Titled-Tuesday-Blitz-January-23-2024"]
[Site "Chess.com"]
[Date "2024.01.23"]
[Round "1"]
[White "Zgorl"]
[Black "TigrVShlyape"]
[Result "0-1"]
[WhiteElo "2506"]
[BlackElo "2937"]
[TimeControl "180+1"]
[EndTime "8:07:22 PST"]
[Termination "TigrVShlyape won by resignation"]

1. Nf3 Nf6 2. g3 d5 3. Bg2 c6 4. c4 g6 5. b3 Bg7 6. Bb2 O-O 7. O-O a5 8. Nc3 Bg4 9. d4 Bxf3 10. Bxf3 e6 11. Qd2 Nbd7 12. Rad1 Qb6 13. Ba3 Rfd8 14. Bd6 Bf8 15. Bxf8 Rxf8 16. e4 dxe4 17. Nxe4 Nxe4 18. Bxe4 Rfd8 19. h4 Qb4 20. Qf4 a4 21. Rd3 axb3 22. axb3 Qe7 23. h5 Qf6 24. Qe3 gxh5 25. Kg2 Qg7 26. Rh1 Nf6 27. Bf3 Qg6 28. Rdd1 Ra2 29. Rh4 h6 30. Qe5 Qg5 31. Rdh1 Rd2 32. Qc7 Rd7 33.
Qb8+ Kg7 34. Bxh5 R2xd4 35. Bf3 Rxh4 36. Rxh4 e5 37. Qc8 Qd2 38. Bg4 Rd4 39. Qf5 Qg5 40. Qf3 Rxg4 0-1

[Event "Early-Titled-Tuesday-Blitz-January-23-2024"]
[Site "Chess.com"]
[Date "2024.01.23"]
[Round "1"]
[White "Kotofeyca"]
[Black "M1711"]
[Result "0-1"]
[WhiteElo "2342"]
[BlackElo "2652"]
[TimeControl "180+1"]
[EndTime "8:07:22 PST"]
[Termination "M1711 won on time"]

1. d4 g6 2. c4 Bg7 3. Nc3 c5 4. Nf3 cxd4 5. Nxd4 Nc6 6. e3 Nf6 7. Be2 Nxd4 8. Qxd4 O-O 9. O-O d6 10. Rd1 Be6 11.
Qh4 Rc8 12. Bd2 h6 13. Rac1 g5 14. Qd4 b6 15. b3 Qc7 16. Nb5 Qd7 17. Qd3 Bf5 18.
Qc3 Nd5 19. cxd5 Bxc3 20. Bxc3 Bg6 21. Nd4 e6 22. Bb5 Qe7 23. Nc6 Qb7 24. Bf6 Rc7 25. Nb4 exd5 26. Bc6 Rxc6 27. Nxc6 Re8 28. Rxd5 Be4 29.
Rxd6 Kh7 30. f3 Bxc6 31. Rdxc6 Rxe3 32. Rc7 Qd5 0-1

[Event "Early-Titled-Tuesday-Blitz-January-23-2024"]
[Site "Chess.com"]
[Date "2024.01.23"]
[Round "1"]
[White "AradNazari"]
[Black "carloseduar100"]
[Result "1-0"]
[WhiteElo "2621"]
[BlackElo "2286"]
[TimeControl "180+1"]
[EndTime "8:07:23 PST"]
[Termination "AradNazari won by resignation"]

1. b4 e6 2. a3 d5 3. Bb2 Nf6 4.
d3 Bd6 5. g3 O-O 6. Bg2 Nbd7 7.
Nd2 c6 8. e4 e5 9. Ngf3 Re8 10.
O-O a6 11. c4 Nf8 12. Qb3 Be6 13. Ng5 dxc4 14. Nxc4 Bc7 15. Nxe6 Rxe6 16. f4 exf4 17.
gxf4 Ng4 18. d4 Qb8 19. e5 b5 20. Nd2 a5 21. f5 Rh6 22. h3 Bxe5 23. hxg4 Bh2+ 24.
Kf2 Qf4+ 25. Ke2 Qxg4+ 26. Qf3 Re8+ 27. Kd3 Qg5 28. Rh1 Bf4 29. Ne4 Rxh1 30. Nxg5 Rxa1 31. Bxa1 Bxg5 32. bxa5 Nd7 33. Qxc6 Re3+ 34. Kc2 Nf8 35. a6 Re2+ 36. Kb1 Re1+ 37. Ka2 Re2+ 38. Bb2 Bc1 39.
Qxc1 1-0

[Event "Early-Titled-Tuesday-Blitz-January-23-2024"]
[Site "Chess.com"]
[Date "2024.01.23"]
[Round "1"]
[White "tolia123"]
[Black "subham777"]
[Result "1-0"]
[WhiteElo "2088"]
[BlackElo "2540"]
[TimeControl "180+1"]
[EndTime "8:07:23 PST"]
[Termination "tolia123 won by resignation"]

1. e4 e6 2. d4 d5 3. exd5 exd5 4. Bd3 Nf6 5. h3 Bd6 6. Qf3 h6 7. Ne2 O-O 8. Bf4 Re8 9. Nd2 c6 10. O-O-O Bxf4 11. Nxf4 Qa5 12. Kb1 Na6 13. c3 b5 14.
g4 b4 15. Nb3 Qa4 16. c4 Be6 17. c5 Ne4 18. Nxe6 Rxe6 19. Rhe1 Rae8 20. Re3 Rf6 21. Qe2 Rxf2 22. Qxf2 Nc7 23. Bxe4 dxe4 24. Rde1 Ne6 25. Rxe4 Rd8 26. Rf1 Rd7 27. Qf5 Qa6 28.
Rxe6 fxe6 29. Qxe6+ Kh7 30. Qf5+ Kh8 31. Qf8+ Kh7 32.
Qf3 Re7 33. Rc1 Re2 34. d5 cxd5 35. Qxd5 Rf2 36. Qe4+ Kh8 37. c6 Rf8 38. c7 Qc8 39.
Nd4 Re8 40. Qf5 Kg8 41. Qxc8 Rxc8 42. Nf5 1-0

[Event "Early-Titled-Tuesday-Blitz-January-23-2024"]
[Site "Chess.com"]
[Date "2024.01.23"]
[Round "1"]
[White "viviania"]
[Black "secretsuperstar7"]
[Result "1/2-1/2"]
[WhiteElo "2909"]
[BlackElo "2508"]
[TimeControl "180+1"]
[EndTime "8:07:24 PST"]
[Termination "Game drawn by repetition"]

1. d4 Nf6 2. c4 e6 3. Nc3 Bb4 4. e3 O-O 5. Ne2 c5 6. a3 Ba5 7.
dxc5 Bxc3+ 8. Nxc3 a5 9. e4 Qc7 10. Qd6 Na6 11. Qxc7 Nxc7 12. Bf4 Na6 13. Bd6 Re8 14.
f4 e5 15. f5 b6 16. cxb6 Bb7 17. c5 Nxe4 18. Nxe4 Bxe4 19. Bb5 Rec8 20. Bxd7 Rxc5 21. Bxc5 Nxc5 22. Bb5 Rb8 23. Rc1 Nb3 24. Rc7 h5 25.
Bc4 Rxb6 26. Bxf7+ Kf8 27. Be6 Nd4 28. Rf1 Rxb2 29.
Rf2 Rb1+ 30. Kd2 Rb2+ 31. Ke3 Bc2 32. Bd5 Nxf5+ 33. Kd2 Be4+ 34. Ke1 Rb1+ 35. Kd2 Rb2+ 36. Ke1 Rb1+ 37. Kd2 Rb2+ 1/2-1/2

[Event "Early-Titled-Tuesday-Blitz-January-23-2024"]
[Site "Chess.com"]
[Date "2024.01.23"]
[Round "1"]
[White "DTChess"]
[Black "NowInChess"]
[Result "1-0"]
[WhiteElo "2624"]
[BlackElo "2288"]
[TimeControl "180+1"]
[EndTime "8:07:24 PST"]
[Termination "DTChess won on time"]

1. e4 e6 2. d4 d5 3. Nc3 Nc6 4. Nf3 Nf6 5. exd5 exd5 6. h3 Bb4 7. Bd3 O-O 8. O-O Bxc3 9. bxc3 Re8 10. Re1 Rxe1+ 11. Qxe1 Be6 12. Bg5 h6 13. Bh4 Qe7 14.
Ne5 Re8 15. Nxc6 bxc6 16. Rb1 g6 17. Qe5 g5 18. Bg3 Nh5 19. Qxc7 Qxc7 20. Bxc7 Rc8 21. Rb7 Nf4 22. Bxf4 gxf4 23. Rxa7 Rb8 24. f3 Rb1+ 25.
Kf2 Kg7 26. a4 Ra1 27. a5 Ra3 28. a6 Rxc3 29. Rc7 Kf6 30. a7 Ra3 31. Ke2 c5 32.
dxc5 Ke5 33. Kd2 Kd4 34. c6 Kc5 35. Rb7 Kxc6 36. Rb4 Rxa7 37. Rxf4 Ra8 38. Ke2 Rg8 39. Kf2 Kd6 40. g4 Ke5 41. Rb4 d4 42. Kg3 Rd8 43. f4+ Kf6 44. h4 Kg7 45. f5 Bc8 46. Kf4 Rd7 47. g5 Rd6 48. f6+ Kg8 49. Rb8 hxg5+ 50. hxg5 1-0